 Dungeon Crawl Stone Soup version 0.20.0-15-g7f486f2 (webtiles) character file.

799 esteth the Changer (level 7, 0/43 HPs)
             Began as an Octopode Transmuter on June 15, 2017.
             Succumbed to a gnoll sergeant's poison
             ... on level 5 of the Dungeon.
             The game lasted 00:19:35 (5805 turns).

esteth the Changer (Octopode Transmuter)            Turns: 5805, Time: 00:19:35

Health: 0/43       AC:  2    Str:  9    XL:     7   Next: 90%
Magic:  19/19      EV: 24    Int: 17    God:
Gold:   280        SH:  0    Dex: 18    Spells: 4/10 levels left

rFire    . . .     SeeInvis +     - Unarmed
rCold    . . .     Gourm    .   (shield currently unavailable)
rNeg     . . .     Faith    .   (helmet currently unavailable)
rPois    x         Spirit   .   l - amulet of magic regeneration
rElec    .         Reflect  .   g - +4 ring of evasion
rCorr    .         Harm     .   j - ring of magical power
MR       .....     Rnd*Rage +   (no ring)
Stlth    ++........             n - ring of see invisible
Regen    0.2/turn               (no ring)
MPRegen  0.3/turn               (no ring)
                                (no ring)
                                (no ring)

@: lethally poisoned (0 -> -6), spider-form (expiring), flying, very slightly
contaminated, invisible (expiring)
A: almost no armour, stealthy swim, (amphibious), 8 rings, (constrict 8),
berserk 1
a: End Transformation


You were on level 5 of the Dungeon.
You were not hungry.
You were a venomous arachnid creature.
You visited 2 branches of the dungeon, and saw 7 of its levels.

You collected 280 gold pieces.

Inventory:

Missiles
 a - 52 arrows (quivered)
Jewellery
 g - a +4 ring of evasion (left front leg)
 j - a ring of magical power (right front leg)
 l - an amulet of magic regeneration (around neck)
 n - a ring of see invisible (on tentacle)
 z - an uncursed amulet of regeneration
Wands
 A - a wand of random effects (15/48)
Scrolls
 e - a scroll of recharging {unknown}
 f - a scroll of random uselessness {unknown}
 h - 4 scrolls of teleportation
 i - a scroll of amnesia
 k - a scroll of blinking {unknown}
 q - 2 scrolls of enchant armour {unknown}
 r - 3 scrolls of identify
 s - a scroll of fog {unknown}
 t - a scroll of enchant weapon {unknown}
 u - a scroll of remove curse
 x - 2 scrolls of magic mapping
 y - 3 scrolls of immolation {unknown}
Potions
 v - 2 potions of flight
Books
 b - a book of Changes

   Spells                             Type                      Level
   a - Beastly Appendage              Transmutation                1
   b - Sticks to Snakes               Transmutation                2
   c - Spider Form                    Transmutation/Poison         3
   d - Ice Form                       Ice/Transmutation            4
   e - Blade Hands                    Transmutation                5
 d - a book of Cantrips

   Spells                             Type                      Level
   a - Confusing Touch                Hexes                        1
   b - Animate Skeleton               Necromancy                   1
   c - Summon Small Mammal            Summoning                    1
   d - Apportation                    Translocation                1
Comestibles
 c - 4 bread rations
 m - 3 meat rations
 o - 3 royal jellies
 w - 2 fruits
 B - a chunk of flesh


   Skills:
 - Level 1.0 Fighting
 - Level 2.0 Dodging
 - Level 5.5 Unarmed Combat
 - Level 2.0 Spellcasting
 + Level 6.3 Transmutations
 - Level 4.2 Poison Magic


You had 4 spell levels left.
You knew the following spells:

 Your Spells              Type           Power        Failure   Level  Hunger
a - Beastly Appendage     Tmut           ###...       6%          1    #......
b - Sticks to Snakes      Tmut           ###.....     9%          2    ###....
c - Spider Form           Tmut/Pois      ###.......   17%         3    ###....


Dungeon Overview and Level Annotations

Branches:
Dungeon (6/15)             Temple (1/1) D:5

Altars:
Ashenzari
Dithmenos
Elyvilon
Gozag
Hepliaklqana
Kikubaaqudgha
Okawaru
Qazlal
Ru
Sif Muna
Uskayaw
Vehumet
Xom
Zin
The Shining One


Innate Abilities, Weirdness & Mutations

You cannot wear most types of armour.
You are very stealthy in the water. (Stealth+)
((You are amphibious.))
You can wear up to eight rings at the same time.
((You can use your tentacles to constrict eight enemies at once.))
((Your skin changes colour to match your surroundings (Stealth+).))
((Your rubbery body absorbs attacks. (AC +1, EV +1)))
You tend to lose your temper in combat.
((Your flesh is heat resistant. (rF+)))


Message History

You feel sick.
Your transformation is almost over.
* * * LOW HITPOINT WARNING * * *
You feel sick.
This spell is very dangerous to cast!
Memorise Ice Form, consuming 4 spell levels and leaving 0?
Magic restored.
Your memorisation is interrupted.
* * * LOW HITPOINT WARNING * * *
You feel sick.
Casting: Spider Form
Confirm with . or Enter, or press ? or * to list all spells.
Okay, then.
* * * LOW HITPOINT WARNING * * *
You feel sick.
* * * LOW HITPOINT WARNING * * *
You feel sick.
* * * LOW HITPOINT WARNING * * *
You feel sick.
You flicker for a moment.
You die...

############
##########..........#
#........#..........# ##
#....###.#..........# .##
#....###.#..........# ..#
#...................# ..#
#....###.###....#####
..###...#....###.##.#...#
................s##.#.#.#
..#######....###<.....#.#
..## #.##<##....####.#
...#### #.#####....#
#.### ......###.# #....#
#...# ..........# ##..##
###.# ..#.....#.# #..#
#.# ........#.######..#
#.# ..##..............#
#.#


There were no monsters in sight!

Vanquished Creatures
  The ghost of Oozefury the Cleaver, an amateur MiFi (D:4)
  A crimson imp (D:5)
  A hound (D:5)
  A jelly (D:5)
  An orc priest (D:3)
  A centaur skeleton (D:4)
  An orc wizard (D:4)
  Jessica (D:2)
  Ijyb (D:5)
  An iguana (D:4)
  3 worker ants
  5 gnolls
  5 adders
  An adder skeleton (D:4)
  5 worms
  2 dart slugs (D:1)
  3 leopard geckos
  5 orcs
  2 ball pythons
  5 bats
  13 giant cockroaches
  10 goblins
  10 hobgoblins
  12 kobolds
  2 quokkas (D:5)
  3 frilled lizards
  A jackal zombie (D:5)
  11 rats
108 creatures vanquished.

Vanquished Creatures (collateral kills)
  An ogre (D:5)
  A gnoll (D:6)
  An adder (D:3)
  3 orcs (D:3)
  4 giant cockroaches (D:3)
  A frilled lizard (D:3)
  A butterfly (D:5)
12 creatures vanquished.

Grand Total: 120 creatures vanquished

Notes
Turn   | Place    | Note
-------+----------+-------------------------------------------
     0 | D:1      | esteth the Octopode Transmuter began the quest for the Orb.
     0 | D:1      | Reached XP level 1. HP: 13/13 MP: 3/3
   114 | D:1      | Reached XP level 2. HP: 2/18 MP: 3/5
   935 | D:1      | Reached XP level 3. HP: 21/23 MP: 6/6
  1561 | D:2      | Found a faded altar of an unknown god.
  1593 | D:2      | Reached XP level 4. HP: 28/28 MP: 7/7
  1627 | D:2      | Noticed Jessica
  1633 | D:2      | Killed Jessica
  1633 | D:2      | Reached skill level 5 in Unarmed Combat
  1969 | D:2      | Found a shadowy altar of Dithmenos.
  2101 | D:2      | Reached XP level 5. HP: 25/33 MP: 8/8
  2486 | D:3      | Learned a level 2 spell: Sticks to Snakes
  2490 | D:3      | Learned a level 3 spell: Spider Form
  2510 | D:3      | Gained mutation: You tend to lose your temper in combat. [potion of mutation]
  2510 | D:3      | Gained mutation: Your flesh is heat resistant. (rF+) [potion of mutation]
  2821 | D:3      | Reached skill level 3 in Transmutations
  3258 | D:4      | Found a deep blue altar of Sif Muna.
  3405 | D:4      | Reached XP level 6. HP: 38/38 MP: 9/9
  3422 | D:4      | Noticed Oozefury's ghost (amateur MiFi)
  3470 | D:4      | HP: 1/38 [orc wizard/magic dart (8)]
  3473 | D:4      | Reached skill level 4 in Transmutations
  3839 | D:4      | Killed Oozefury's ghost
  3839 | D:4      | Reached XP level 7. HP: 43/43 MP: 10/10
  4231 | D:4      | Reached skill level 5 in Transmutations
  4463 | D:5      | Entered Level 5 of the Dungeon
  4904 | D:5      | Found a glowing silver altar of Zin.
  4904 | D:5      | Found a glowing golden altar of the Shining One.
  4906 | D:5      | Found a white marble altar of Elyvilon.
  5006 | D:5      | Noticed Ijyb
  5016 | D:5      | Killed Ijyb
  5107 | D:5      | Reached skill level 6 in Transmutations
  5307 | D:5      | Found a staircase to the Ecumenical Temple.
  5576 | Temple   | Entered the Ecumenical Temple
  5783 | D:6      | HP: 2/43 [poisoned by a gnoll sergeant]
  5801 | D:5      | HP: 2/43 [poisoned by a gnoll sergeant]
  5805 | D:5      | Succumbed to a gnoll sergeant's poison

Skill      XL: |  1  2  3  4  5  6  7 |
---------------+----------------------+-----
Unarmed Combat | 4 5 |  5.5
Transmutations | 3 4 6 |  6.3
Poison Magic   | 4 |  4.2
Fighting       | |  1.0
Dodging        | |  2.0
Spellcasting   | |  2.0

Action                   |  1- 3 |  4- 6 |  7- 9 || total
-------------------------+-------+-------+-------++-------
Melee: Unarmed           |    77 |   162 |   101 ||   340
       Tentacles         |    15 |    23 |     4 ||    42
       Constrict         |    19 |    42 |     7 ||    68
       Kick              |     2 |     4 |       ||     6
       Punch             |     1 |     3 |     2 ||     6
 Cast: Beastly Appendage |     5 |     4 |       ||     9
       Sticks to Snakes  |       |     8 |     8 ||    16
       Spider Form       |       |       |     9 ||     9
  Use: Scroll            |     6 |     3 |     2 ||    11
       Potion            |       |     7 |     3 ||    10
 Stab: Sleeping          |     4 |     1 |     3 ||     8
       Distracted        |       |     1 |       ||     1
  Eat: Chunk             |     2 |     7 |     8 ||    17
       Fruit             |       |       |     1 ||     1
Armor: Skin              |     3 |    17 |     2 ||    22
Dodge: Dodged            |    56 |   148 |    65 ||   269
